 Dungeon Crawl Stone Soup version 0.29.1-2-gbd0b4ee654 (webtiles) character file.

Game seed: 2759679957639932330

29 qeuew the Sneak (level 3, 0/21 HPs)
             Began as a Kobold Brigand on Nov 4, 2022.
             Slain by a gnoll
             ... wielding a +0 flail
              (7 damage)
             ... on level 2 of the Dungeon.
             The game lasted 00:01:23 (1461 turns).

qeuew the Sneak (Kobold Brigand)                    Turns: 1461, Time: 00:01:24

Health: 0/21       AC:  3    Str:  8    XL:     3   Next: 32%
Magic:  3/3        EV: 14    Int: 12    God:
Gold:   77         SH:  0    Dex: 18    Spells: 2/2 levels left

rFire   . . .      SeeInvis .   a - +2 dagger
rCold   . . .      Faith    .   (no shield)
rNeg    . . .      Spirit   .   b - +0 robe
rPois   .          Reflect  .   (no helmet)
rElec   .          Harm     .   c - +0 cloak
rCorr   .          Rampage  .   (no gloves)
Will    .....                   (no boots)
Stlth   ++++......              (no amulet)
HPRegen 0.07/turn               (no ring)
MPRegen 0.08/turn               (no ring)

@: no status effects
A: small, no large weapons, nightstalker 3
a: no special abilities


You were on level 2 of the Dungeon.
You visited 1 branch of the dungeon, and saw 2 of its levels.

You collected 77 gold pieces.

Inventory:

Hand Weapons
 a - a +2 dagger (weapon)
Missiles
 d - 9 poisoned darts (quivered)
 e - 3 curare-tipped darts
Armour
 b - a +0 robe (worn)
 c - a +0 cloak (worn)
Potions
 f - a potion of haste {unknown}
 i - a potion of heal wounds


   Skills:
 + Level 2.2 Fighting
 + Level 2.7 Short Blades
 + Level 2.5 Throwing
 * Level 0.5 Armour
 * Level 1.6 Dodging
 + Level 6.1 Stealth


You had 2 spell levels left.
You didn't know any spells.
Your spell library was empty.

Dungeon Overview and Level Annotations

Branches:
Dungeon (2/15)

Altars:


Innate Abilities, Weirdness & Mutations

You are small and have problems with some larger weapons.
You are completely attuned to the shadows.


Message History

No target in view!
No target in view!
No target in view!
A gnoll comes into view. It is wielding a +0 club.
A gnoll comes into view. It is wielding a +0 flail.
A ball python and a gnoll come into view.
A gnoll comes into view. It is wielding a +0 whip.
The gnoll shouts! x2; The ball python hisses angrily.
The gnoll shouts!
The gnoll barely misses you.
The gnoll shouts!
You hear an angry hiss. x2
You hit the gnoll.
The gnoll is moderately wounded.
The gnoll hits you with a +0 flail. The gnoll hits you but does no damage.
You hit the gnoll but do no damage.
The gnoll is moderately wounded.
The ball python bites you. The ball python grabs you.
The ball python constricts you. The gnoll hits you with a +0 club.
A kobold comes into view. It is wielding a +0 whip.
The gnoll barely misses you.
The kobold shouts!
You hit the ball python.
The ball python is severely wounded.
The ball python barely misses you. The ball python constricts you.
The gnoll hits you with a +0 flail. The gnoll completely misses you.
The gnoll misses you.
You are too injured to fight recklessly!
You are too injured to fight recklessly!
You are too injured to fight recklessly!
You are too injured to fight recklessly!
You are too injured to fight recklessly!
You are too injured to fight recklessly!
You are too injured to fight recklessly!
You are too injured to fight recklessly!
You are too injured to fight recklessly!
You are too injured to fight recklessly!
You escape the ball python's grasp.
The gnoll attacks as you move away! The gnoll closely misses you.
The gnoll attacks as you move away! The gnoll barely misses you.
The gnoll attacks as you move away! The gnoll hits you with a +0 flail!
You die...

####### #(.
......###..
..#####
###......#
.......
#..##.###
......#
##.###.###
..K#..#
####..#
#..##
#.gg##
#....##
##...
#.#Sg#
#.#### ###.
#g##@####.#
## ..
#......#
#.#
########


You could see 3 gnolls, a ball python and a kobold.

Vanquished Creatures
  An adder (D:2)
  4 ball pythons
  3 bats (D:1)
  2 endoplasms
  3 goblins (D:1)
  A hobgoblin (D:1)
  A quokka (D:1)
  A frilled lizard (D:2)
  2 kobolds (D:1)
  A rat (D:1)
19 creatures vanquished.

Notes
Turn   | Place    | Note
-------+----------+-------------------------------------------
     0 | D:1      | qeuew the Kobold Brigand began the quest for the Orb.
     0 | D:1      | Reached XP level 1. HP: 12/12 MP: 1/1
   303 | D:1      | Reached XP level 2. HP: 14/17 MP: 2/2
   967 | D:1      | Reached skill level 6 in Stealth
  1171 | D:1      | Found a faded altar of an unknown god.
  1382 | D:2      | Reached XP level 3. HP: 21/21 MP: 3/3
  1461 | D:2      | Slain by a gnoll

Illustrated notes

Levels and vault maps discovered:
D:1:      nagdon_arrival_zigzag_paths, layout_basic,
          hellmonk_ecumenical_altar_crossroads
D:2:      layout_rooms, minmay_statues_item, uniq_sigmund

Skill      XL: |  1  2 |
---------------+-------+-----
Stealth        | 6 |  6.1
Fighting       | |  2.2
Short Blades   | |  2.7
Throwing       | |  2.5
Armour         | |  0.5
Dodging        | |  1.6

Action                   || total
-------------------------++-------
Melee: Dagger            ||    48
       Punch             ||     2
  Use: Potion            ||     3
       Scroll            ||     1
 Stab: Sleeping          ||     7
Armor: Robe              ||    10
Dodge: Dodged            ||    34
